 Dungeon Crawl Stone Soup version 0.31-b1-17-gcfd88c8481 (webtiles) character file.

Game seed: 6146923243259712680

452 hawla the Conjurer (level 6, -9/42 HPs)
             Began as a Draconian Conjurer on Jan 16, 2024.
             Mangled by a yak (12 damage)
             ... on level 4 of the Dungeon.
             The game lasted 00:11:40 (4705 turns).

hawla the Conjurer (Draconian Conjurer)             Turns: 4705, Time: 00:11:41

Health: -9/42      AC:  6    Str: 19    XL:     6   Next: 75%
Magic:  3/10       EV: 12    Int: 20    God:
Gold:   252        SH:  0    Dex:  8    Spells: 3/10 levels left

rFire   . . .        (no weapon)
rCold   + . .        (no shield)
rNeg    + . .        (body armour unavailable)
rPois   .            (helmet restricted)
rElec   .            (no cloak)
rCorr   .            (no gloves)
SInv    .            (no boots)
Will    .....        (no amulet)
Stlth   ++           e - +6 ring of strength
HPRegen 0.27/turn    r - ring of positive energy
MPRegen 0.12/turn

%: no passive effects
@: about to teleport
A: AC +6, unfitting armour, cold-blooded, cold resistance 1, frail 1, strong 1
a: no special abilities


You were on level 4 of the Dungeon.
You visited 1 branch of the dungeon, and saw 5 of its levels.

You collected 252 gold pieces.

Inventory:

Jewellery
 e - a +6 ring of strength (left hand)
 r - a ring of positive energy (right hand)
Wands
 g - a wand of digging (9)
 k - a wand of flame (11) (quivered)
Scrolls
 c - 2 scrolls of amnesia
 f - a scroll of torment
 j - a scroll of enchant weapon
 n - 4 scrolls of identify
 o - a scroll of vulnerability {unknown}
 q - a scroll of brand weapon {unknown}
Potions
 a - a potion of magic
 d - a potion of brilliance
 h - 2 potions of haste {unknown}
 i - a potion of attraction {unknown}
 l - a potion of degeneration {unknown}
 m - a potion of enlightenment {unknown}
 p - 2 potions of lignification {unknown}


   Skills:
 + Level 1.5 Fighting
 + Level 2.8 Dodging
 + Level 2.6 Stealth
 + Level 2.8 Spellcasting
 + Level 5.4 Conjurations
 + Level 2.4 Translocations
 + Level 3.0 Evocations


You had 3 spell levels left.
You knew the following spells:

 Your Spells              Type           Power      Damage    Failure   Level
a - Magic Dart            Conj           96%        1d7       1%          1
b - Searing Ray           Conj           48%        2d6       2%          2
c - Iskenderun's Mystic   Conj/Tloc      18%        2d6       28%         4

Your spell library contained the following spells:

 Spells                   Type           Power      Damage    Failure   Level
 Stone Arrow              Conj/Erth      26%        3d8       14%         3
 Cigotuvi's Dreadful Rot  Necr/Alch/Air  4%         N/A       22%         2
 Ensorcelled Hibernation  Hex/Ice        4%         N/A       22%         2
 Passwall                 Erth           2%         N/A       41%         3
 Swiftness                Air            2%         N/A       41%         3
 Fulminant Prism          Conj/Alch      6%         3d7       43%         4
 Ignite Poison            Fire/Alch      2%         N/A       82%         4
 Freezing Cloud           Conj/Ice/Air   5%         6-21      88%         5
 Lehudib's Crystal Spear  Conj/Erth      6%         10d3      100%        8
 Animate Armour           Summ/Erth      Unusable   N/A       N/A         4

Dungeon Overview and Level Annotations

Branches:
Dungeon (5/15)
 Temple: D:4-7

Altars:
Ashenzari
Cheibriados


Innate Abilities, Weirdness & Mutations

Your plain brown scales are hard. (AC +6)
You cannot fit into any form of body armour.
You are cold-blooded and may be slowed by cold attacks.
Your flesh is cold resistant. (rC+)
You are frail. (-10% HP)
Your muscles are strong. (Str +4, Int/Dex -1)


Message History

Search for what [Enter for "tif", or ? for help]? weap Search for what [Enter for "weap", or ? for help]? rmo What level of the Dungeon? (default 4, ? - help)
There is a stone staircase leading down here.
You climb downwards.
The yak bellows! x2
Found two stone staircases leading down.
There is a stone staircase leading up here.
There are monsters nearby!
An ice beast comes into view.
The yak gores you. The yak gores you but does no damage.
You climb upwards.
There is a stone staircase leading down here.
Casting: Searing Ray (safe; 2% risk of failure)
Confirm with . or Enter, or press ? or * to list all spells.
You erupt in a blast of force!
The mystic blast hits the yak!
The yak is moderately wounded.
The yak is knocked back by the mystic blast.
The mystic blast hits the yak but does no damage.
The yak gores you!
Unknown command.
Casting: Iskenderun's Mystic Blast (quite dangerous; 28% risk of failure)
Confirm with . or Enter, or press ? or * to list all spells.
Aiming: Searing Ray (safe; 2% risk of failure)
Press: ? - help, Shift-Dir - straight line, f - yak
Aim: a yak (87% to hit)
The searing ray hits the yak.
The yak is lightly wounded. (Press . to maintain the ray.)
The yak misses you.
The searing ray hits the yak.
The yak is lightly wounded.
The yak gores you!
* * * LOW HITPOINT WARNING * * *
Unknown command.
As you read the scroll of teleportation, it crumbles to dust.
You feel strangely unstable. The yak gores you!
* * * LOW HITPOINT WARNING * * *
The yak gores you!
You die...

...###### ###....##
#.......###.......####
#...#.............##.##
#...##.............#..##
#..........##..........#
.##.##......#..###.....#
.....#.........##...####
.###....)....#.##...# ###
####.###.##.....@...###.##
#.##.#...###....YY.###...#
..........#..#...........##
..#..##...#..#............#
###..........##..........##
####...(.............##.##
#.#.............#...#####
..............###..##
###.###........##.##


You could see 2 yaks.

Vanquished Creatures
  A water moccasin (D:4)
  A bombardier beetle (D:3)
  An iguana (D:4)
  6 orc wizards
  5 adders
  4 dart slugs
  2 ribbon worms
  8 orcs
  3 ball pythons
  4 endoplasms
  A giant cockroach (D:2)
  6 goblins
  7 hobgoblins
  4 jackals (D:1)
  9 kobolds
  3 quokkas
  5 bats
  6 frilled lizards
  5 rats
81 creatures vanquished.

Notes
Turn   | Place    | Note
-------+----------+-------------------------------------------
     0 | D:1      | hawla the Draconian Conjurer began the quest for the Orb.
     0 | D:1      | Reached XP level 1. HP: 14/14 MP: 3/3
   249 | D:1      | Reached XP level 2. HP: 20/20 MP: 1/5
   303 | D:1      | Learned a level 2 spell: Searing Ray
   840 | D:1      | Reached XP level 3. HP: 26/26 MP: 2/6
  1500 | D:2      | Reached skill level 1 in Fighting
  1630 | D:2      | Reached XP level 4. HP: 35/35 MP: 1/7
  1635 | D:2      | Learned a level 4 spell: Iskenderun's Mystic Blast
  2506 | D:3      | Reached skill level 1 in Translocations
  2614 | D:3      | Reached skill level 1 in Evocations
  2716 | D:3      | Found a broken altar of Ashenzari.
  2928 | D:3      | Found a snail-covered altar of Cheibriados.
  3101 | D:3      | Reached XP level 5. HP: 40/40 MP: 2/8
  3334 | D:3      | Gained mutation: Your muscles are strong. (Str +4, Int/Dex
                  | -1) [potion of mutation]
  3334 | D:3      | Gained mutation: You are frail. (-10% HP) [potion of
                  | mutation]
  3334 | D:3      | Gained mutation: Your flesh is cold resistant. (rC+)
                  | [potion of mutation]
  3804 | D:4      | Reached skill level 5 in Conjurations
  3804 | D:4      | Reached XP level 6. HP: 16/42 MP: 2/9
  3813 | D:4      | HP: 1/42 [orc wizard/puff of flame (9)]
  4278 | D:4      | Noticed a water moccasin
  4292 | D:4      | Killed a water moccasin
  4696 | D:5      | Entered Level 5 of the Dungeon
  4696 | D:5      | Noticed an ice beast
  4696 | D:5      | Noticed a yak
  4696 | D:5      | Noticed a yak
  4696 | D:5      | Noticed a yak
  4699 | D:5      | Noticed an ice beast
  4705 | D:4      | Mangled by a yak

Illustrated notes

Levels and vault maps discovered:
D:1:      heliophobic_arrival_enchanted_forest, layout_basic
D:2:      layout_basic
D:3:      layout_basic, nicolae_ashenzari_skybound, mainiacjoe_overflow_brackets
D:4:      layout_cave_pools, corexii_corridor_pit
D:5:      layout_gridville, zin_academy, uniq_ijyb

Skill      XL: |  1  2  3  4  5 |
---------------+----------------+-----
Dodging        | 2 |  2.8
Stealth        | 2 |  2.6
Fighting       | 1 |  1.5
Translocations | 1 2 |  2.4
Evocations     | 1 3 |  3.0
Conjurations   | 5 |  5.4
Spellcasting   | |  2.8

Action                     |  1- 3 |  4- 6 || total
---------------------------+-------+-------++-------
  Melee: Unarmed           |    74 |    92 ||   166
         Tailslap          |     7 |     9 ||    16
         Punch             |     1 |     2 ||     3
   Cast: Magic Dart        |    22 |    31 ||    53
         Searing Ray       |    12 |    28 ||    40
         Iskenderun's Myst |       |     5 ||     5
    Use: Scroll            |     3 |     5 ||     8
         Potion            |       |     6 ||     6
 Armour: Skin              |    53 |   119 ||   172
  Dodge: Dodged            |    54 |    74 ||   128
